 Dungeon Crawl Stone Soup version 0.31-a0-174-g85c54bcb58 (webtiles) character file.

Game seed: 8873523911723932761

1209 qw the Shooter (level 8, -5/73 HPs)
             Began as a Naga Hunter on June 15, 2023.
             Was a Follower of Okawaru.
             Slain by a yak (9 damage)
             ... on level 5 of the Dungeon.
             The game lasted 00:01:48 (3818 turns).

qw the Shooter (Naga Hunter)                        Turns: 3818, Time: 00:01:48

Health: -5/73      AC:  8    Str: 13    XL:     8   Next: 45%
Magic:  9/11       EV: 13    Int:  9    God:    Okawaru [*.....]
Gold:   269        SH:  0    Dex: 18    Spells: 7/7 levels left

rFire   . . .        Y - +3 shortbow (drain)
rCold   . . .        (shield currently unavailable)
rNeg    . . .        c - +0 leather armour
rPois   +            f - +2 helmet
rElec   .            (no cloak)
rCorr   .            (no gloves)
SInv    +            (no barding)
Will    +....        h - amulet of the acrobat
Stlth   +++          (no ring)
HPRegen 0.32/turn    (no ring)
MPRegen 0.12/turn

%: acrobat
@: short of breath, heroic, very slow
A: AC +2, large, see invisible, deformed body, poison resistance, slowness 2,
spit poison 1, naga tail 1
a: Spit Poison, Renounce Religion, Heroism


You were on level 5 of the Dungeon.
You worshipped Okawaru.
Okawaru was aware of your devotion.
You visited 1 branch of the dungeon, and saw 5 of its levels.
You also visited: Sewer.

You collected 269 gold pieces.


Innate Abilities, Weirdness & Mutations

Your serpentine skin is tough. (AC +2)
You have supernaturally acute eyesight. (SInv)
Armour fits poorly on your strangely shaped body.
Your system is resistant to poisons. (rPois)
You cover ground very slowly.
You can spit poison.
You have a snake-like lower body.


   Skills:
 - Level 4.9(9.9) Fighting
 + Level 7.9(12.9) Ranged Weapons
 - Level 2.0(7.0) Dodging
 - Level 1.5(6.5) Stealth
 - Level 4.0 Invocations


You had 7 spell levels left.
You didn't know any spells.
Your spell library was empty.

Inventory:

Hand Weapons
 Y - a +3 shortbow of draining (weapon)
Armour
 c - a +0 leather armour (worn)
 f - a +2 helmet (worn)
Jewellery
 h - an amulet of the acrobat (around neck)
Scrolls
 d - 2 scrolls of identify
 i - a scroll of immolation {unknown}
Potions
 a - a potion of magic {unknown}
 b - a potion of heal wounds {unknown}
 e - 7 potions of curing
 g - a potion of mutation {unknown}
 j - a potion of lignification {unknown}
 k - a potion of haste {unknown}
 l - 2 potions of brilliance {unknown}

Dungeon Overview and Level Annotations

Branches:
Dungeon (5/15)              Sewer (visited)
 Temple: D:4-7

Altars:
Ashenzari
Dithmenos
Elyvilon
Hepliaklqana
Okawaru
Qazlal
Ru
Zin

Annotations:
D:2 1 runed translucent door, Crazy Yiuf


Message History

Your Invocations skill increases to level 4!
You shoot an arrow.
The arrow hits the yak but does no damage.
The yak gores you!
You shoot an arrow. The arrow barely misses the yak.
You have got your breath back.
The yak gores you. The yak barely misses you.
3810 ||| INVOKING Spit Poison.
Aiming: Spit Poison (1% risk of failure)
Press: ? - help, Shift-Dir - straight line, f/p - yak The splash of poison hits the yak.
The yak is lightly wounded.
You shoot an arrow. The arrow barely misses the yak.
The yak gores you but does no damage. The yak closely misses you. x2
You shoot an arrow. The arrow barely misses the yak.
You have got your breath back.
The yak gores you! The yak gores you but does no damage.
3813 ||| INVOKING Heroism.
You gain the combat prowess of a mighty hero.
The yak gores you! The yak closely misses you.
3814 ||| INVOKING Spit Poison.
Aiming: Spit Poison (1% risk of failure)
Press: ? - help, Shift-Dir - straight line, f/p - yak The splash of poison hits the yak but does no damage.
The yak is poisoned.
The yak is lightly wounded.
The yak barely misses you. The yak closely misses you.
You shoot an arrow. The arrow hits the yak!
The yak is moderately wounded.
You shoot an arrow. The arrow hits the yak.
The yak is moderately wounded.
The yak gores you! The yak barely misses you.
You shoot an arrow. The arrow hits the yak.
You drain the yak.
The yak is heavily wounded.
The yak gores you! x2
You shoot an arrow.
The arrow hits the yak but does no damage.
The yak is heavily wounded.
The yak gores you!
You die...

#.......#.#.#
#.....
#......###..#
#.####
#.......#.#.#
#.....
#.......##.#
#.####
##.....###.#
#.# # ##...##
.# ###.####
##.## ..
........ #.#
## ###.####
#@# ####.....
....YYYY#
#........
.########
#..####..
#..#..#..
#..#(.#..
#.P#'##.P
##........
#.........
#..##'##'#


You could see 4 yaks.

Vanquished Creatures
  Sigmund (D:2)
  A yak (D:5)
  2 kobold brigands (Sewer)
  2 scorpions (D:5)
  6 hounds
  2 orc priests (D:4)
  4 iguanas (D:5)
  Robin (D:2)
  8 adders
  3 river rats (Sewer)
  A white imp (D:4)
  An ufetubus (D:3)
  2 worms
  20 orcs
  17 ball pythons
  5 bats
  8 endoplasms
  7 giant cockroaches
  18 goblins
  15 hobgoblins
  11 jackals
  5 quokkas
  5 frilled lizards
  15 kobolds
  4 rats
164 creatures vanquished.

Vanquished Creatures (others)
  3 ghouls (D:1)
  An octopode (D:1)
  An elf (D:1)
  A merfolk (D:1)
  A spriggan (D:1)
  A formicid (D:1)
  A dwarf (D:1)
  A tengu (D:1)
  A felid (D:1)
  2 mummies (D:1)
  A gnoll (D:1)
  An orc (D:1)
  5 tentacles (D:1)
20 creatures vanquished.

Grand Total: 184 creatures vanquished

Notes
Turn   | Place    | Note
-------+----------+-------------------------------------------
     0 | D:1      | qw the Naga Hunter began the quest for the Orb.
     0 | D:1      | Reached XP level 1. HP: 19/19 MP: 1/1
     0 | D:1      | 0 ||| qw: Version: 0.2-a-29-g511e9b1
     0 | D:1      | 0 ||| qw: Game counter: 5474
     0 | D:1      | 0 ||| qw: Always use a shield: true
     0 | D:1      | 0 ||| qw: God list: Okawaru
     0 | D:1      | 0 ||| qw: Allow faded altars: false
     0 | D:1      | 0 ||| qw: Do Orc after D:15 true
     0 | D:1      | 0 ||| qw: Do second Lair branch before Depths: true
     0 | D:1      | 0 ||| qw: Lair rune preference: random
     0 | D:1      | 0 ||| qw: Plans: Normal
     0 | D:1      | 0 ||| PLANNING D:1-11
     2 | D:1      | Noticed a ghoul
     2 | D:1      | Noticed a felid
     2 | D:1      | Noticed an octopode
     2 | D:1      | Noticed a dwarf
     2 | D:1      | Noticed a tengu
     2 | D:1      | Noticed a formicid
     2 | D:1      | Noticed a kraken
     2 | D:1      | Noticed an elf
     2 | D:1      | Noticed a ghoul
     2 | D:1      | Noticed a merfolk
     2 | D:1      | Noticed a spriggan
     2 | D:1      | Noticed a ghoul
     4 | D:1      | Killed an octopode
     5 | D:1      | Killed a formicid
     5 | D:1      | Killed a ghoul
     6 | D:1      | Killed a felid
     6 | D:1      | Killed a tengu
     6 | D:1      | Killed a dwarf
    10 | D:1      | 10 ||| INVOKING Spit Poison.
    11 | D:1      | Killed an elf
    13 | D:1      | Killed a spriggan
    13 | D:1      | Killed a ghoul
    14 | D:1      | Killed a merfolk
    15 | D:1      | Killed a ghoul
    26 | D:1      | 26 ||| INVOKING Spit Poison.
    32 | D:1      | 32 ||| INVOKING Spit Poison.
   126 | D:1      | Reached skill level 4 in Ranged Weapons
   126 | D:1      | Reached XP level 2. HP: 26/26 MP: 2/2
   152 | D:1      | 152 ||| INVOKING Spit Poison.
   158 | D:1      | 158 ||| INVOKING Spit Poison.
   219 | D:1      | 219 ||| INVOKING Spit Poison.
   271 | D:1      | 271 ||| INVOKING Spit Poison.
   336 | D:1      | 336 ||| INVOKING Spit Poison.
   340 | D:1      | 340 ||| INVOKING Spit Poison.
   352 | D:1      | 352 ||| INVOKING Spit Poison.
   357 | D:1      | 357 ||| INVOKING Spit Poison.
   397 | D:1      | 397 ||| INVOKING Spit Poison.
   437 | D:1      | 437 ||| INVOKING Spit Poison.
   445 | D:1      | 445 ||| INVOKING Spit Poison.
   534 | D:1      | 534 ||| INVOKING Spit Poison.
   536 | D:1      | Reached XP level 3. HP: 32/32 MP: 3/3
   566 | D:1      | 566 ||| INVOKING Spit Poison.
   573 | D:1      | 573 ||| INVOKING Spit Poison.
   750 | D:1      | 750 ||| READING scroll labelled LENLOA VAW QOWK.
   751 | D:1      | 751 ||| READING 2 scrolls labelled ITEUZUED WELUA.
   752 | D:1      | 752 ||| READING scroll labelled PAPRAF RUA.
   753 | D:1      | 753 ||| DROPPING scroll of butterflies.
   754 | D:1      | 754 ||| DROPPING scroll of revelation.
   813 | D:2      | 813 ||| INVOKING Spit Poison.
   817 | D:2      | 817 ||| STAIRDANCE
   819 | D:1      | 819 ||| INVOKING Spit Poison.
   905 | D:2      | 905 ||| INVOKING Spit Poison.
   909 | D:2      | 909 ||| INVOKING Spit Poison.
   954 | D:2      | 954 ||| INVOKING Spit Poison.
   960 | D:2      | 960 ||| INVOKING Spit Poison.
  1020 | D:2      | 1020 ||| INVOKING Spit Poison.
  1025 | D:2      | 1025 ||| INVOKING Spit Poison.
  1028 | D:2      | 1028 ||| INVOKING Spit Poison.
  1083 | D:2      | 1083 ||| INVOKING Spit Poison.
  1095 | D:2      | Reached skill level 5 in Ranged Weapons
  1111 | D:2      | Reached XP level 4. HP: 37/39 MP: 4/4
  1122 | D:2      | 1122 ||| INVOKING Spit Poison.
  1127 | D:2      | 1127 ||| INVOKING Spit Poison.
  1194 | D:2      | 1194 ||| INVOKING Spit Poison.
  1202 | D:2      | 1202 ||| INVOKING Spit Poison.
  1221 | D:2      | 1221 ||| INVOKING Spit Poison.
  1231 | D:2      | 1231 ||| INVOKING Spit Poison.
  1241 | D:2      | Noticed Sigmund
  1244 | D:2      | 1244 ||| INVOKING Spit Poison.
  1247 | D:2      | 1247 ||| INVOKING Spit Poison.
  1256 | D:2      | 1256 ||| INVOKING Spit Poison.
  1256 | D:2      | Killed Sigmund
  1257 | D:2      | Reached XP level 5. HP: 25/51 MP: 5/5
  1257 | D:2      | Reached XP level 6. HP: 29/60 MP: 6/6
  1260 | D:2      | 1260 ||| INVOKING Spit Poison.
  1265 | D:2      | 1265 ||| INVOKING Spit Poison.
  1267 | D:2      | HP: 14/60 [kobold/+0 short sword (2)]
  1268 | D:2      | 1268 ||| INVOKING Spit Poison.
  1287 | D:2      | 1287 ||| INVOKING Spit Poison.
  1360 | D:2      | 1360 ||| INVOKING Spit Poison.
  1462 | D:2      | You fall into a shaft and drop 1 floor!
  1468 | D:3      | 1468 ||| INVOKING Spit Poison.
  1498 | D:3      | 1498 ||| INVOKING Spit Poison.
  1518 | D:3      | 1518 ||| INVOKING Spit Poison.
  1526 | D:3      | 1526 ||| INVOKING Spit Poison.
  1528 | D:3      | 1528 ||| FLEEEEING.
  1533 | D:3      | 1533 ||| FLEEEEING.
  1534 | D:3      | 1534 ||| STAIRDANCE
  1589 | D:2      | 1589 ||| INVOKING Spit Poison.
  1613 | D:2      | 1613 ||| INVOKING Spit Poison.
  1617 | D:2      | 1617 ||| INVOKING Spit Poison.
  1637 | D:2      | Found a runed translucent door.
  1638 | D:2      | Noticed Crazy Yiuf
  1726 | D:2      | 1726 ||| INVOKING Spit Poison.
  1730 | D:2      | 1730 ||| INVOKING Spit Poison.
  1738 | D:2      | 1738 ||| INVOKING Spit Poison.
  1748 | D:2      | Noticed Robin
  1750 | D:2      | 1750 ||| INVOKING Spit Poison.
  1754 | D:2      | 1754 ||| INVOKING Spit Poison.
  1756 | D:2      | Killed Robin
  1757 | D:2      | 1757 ||| INVOKING Spit Poison.
  1764 | D:2      | 1764 ||| INVOKING Spit Poison.
  1950 | D:2      | 1950 ||| UPGRADING to +0 helmet.
  1955 | D:2      | 1955 ||| READING scroll labelled GOILI UBUOSEME.
  1956 | D:2      | 1956 ||| READING scroll labelled FAB USMITOJEEGRA.
  1957 | D:2      | 1957 ||| READING scroll labelled TYECUMN RUALLA.
  1957 | D:2      | Identified a scroll of acquirement
  1957 | D:2      | 1957 ||| ACQUIRING +2 shortbow of flaming
  1957 | D:2      | Acquired a +2 shortbow of flaming
  1959 | D:2      | 1959 ||| UPGRADING to +2 shortbow of flaming.
  1960 | D:2      | 1960 ||| DROPPING +0 shortbow.
  1961 | D:2      | 1961 ||| DRINKING 2 murky white potions.
  1995 | D:3      | 1995 ||| INVOKING Spit Poison.
  2000 | D:3      | 2000 ||| INVOKING Spit Poison.
  2019 | D:3      | 2019 ||| INVOKING Spit Poison.
  2023 | D:3      | 2023 ||| INVOKING Spit Poison.
  2037 | D:3      | 2037 ||| INVOKING Spit Poison.
  2043 | D:3      | 2043 ||| INVOKING Spit Poison.
  2056 | D:3      | 2056 ||| INVOKING Spit Poison.
  2177 | D:3      | Noticed a fire elemental
  2180 | D:3      | Found a stormy altar of Qazlal.
  2182 | D:3      | Noticed a water elemental
  2182 | D:3      | Noticed an air elemental
  2230 | D:3      | 2230 ||| Stepping ~*~*~tactically~*~*~ (outnumbered).
  2232 | D:3      | 2232 ||| Stepping ~*~*~tactically~*~*~ (outnumbered).
  2234 | D:3      | 2234 ||| Stepping ~*~*~tactically~*~*~ (outnumbered).
  2236 | D:3      | 2236 ||| INVOKING Spit Poison.
  2237 | D:3      | 2237 ||| Stepping ~*~*~tactically~*~*~ (outnumbered).
  2242 | D:3      | 2242 ||| INVOKING Spit Poison.
  2249 | D:3      | 2249 ||| INVOKING Spit Poison.
  2269 | D:3      | Found a white marble altar of Elyvilon.
  2269 | D:3      | Found an iron altar of Okawaru.
  2270 | D:3      | 2270 ||| PLANNING OKAWARU WORSHIP
  2270 | D:3      | 2270 ||| INVOKING Spit Poison.
  2272 | D:3      | 2272 ||| READING scroll labelled AMIB AXOANOA.
  2280 | D:3      | Found a hazy altar of Hepliaklqana.
  2283 | D:3      | Became a worshipper of Warmaster Okawaru
  2284 | D:3      | 2284 ||| PLANNING D:1-11
  2287 | D:3      | Found a sacrificial altar of Ru.
  2289 | D:3      | Found a glowing silver altar of Zin.
  2367 | D:3      | 2367 ||| INVOKING Spit Poison.
  2504 | D:3      | 2504 ||| READING scroll labelled ACWAPURHEU.
  2505 | D:3      | 2505 ||| READING 2 scrolls labelled XYKIGI FORO.
  2506 | D:3      | 2506 ||| DROPPING scroll of fear.
  2556 | D:4      | 2556 ||| INVOKING Spit Poison.
  2562 | D:4      | 2562 ||| INVOKING Spit Poison.
  2648 | D:4      | 2648 ||| INVOKING Spit Poison.
  2651 | D:4      | 2651 ||| INVOKING Spit Poison.
  2656 | D:4      | 2656 ||| INVOKING Spit Poison.
  2659 | D:4      | Reached skill level 6 in Ranged Weapons
  2755 | D:4      | 2755 ||| INVOKING Spit Poison.
  2759 | D:4      | Reached XP level 7. HP: 66/66 MP: 7/7
  2784 | D:4      | 2784 ||| INVOKING Spit Poison.
  2790 | D:4      | 2790 ||| INVOKING Spit Poison.
  2797 | D:4      | 2797 ||| INVOKING Spit Poison.
  2939 | D:4      | 2939 ||| INVOKING Spit Poison.
  2972 | D:4      | 2972 ||| INVOKING Spit Poison.
  2988 | D:4      | 2988 ||| INVOKING Spit Poison.
  3083 | D:4      | 3083 ||| UPGRADING to amulet of the acrobat.
  3088 | D:4      | 3088 ||| READING scroll labelled ETILYG YDGHICWACK.
  3092 | D:4      | 3092 ||| READING scroll labelled WOTILAVOSE.
  3093 | D:4      | 3093 ||| READING scroll labelled PODDYA TAYDYQO.
  3101 | D:5      | Entered Level 5 of the Dungeon
  3101 | D:5      | Found a shadowy altar of Dithmenos.
  3102 | D:5      | 3102 ||| PLANNING SEWER
  3102 | D:5      | 3102 ||| INVOKING Spit Poison.
  3110 | D:5      | 3110 ||| INVOKING Spit Poison.
  3115 | D:5      | 3115 ||| INVOKING Spit Poison.
  3135 | D:5      | 3135 ||| INVOKING Spit Poison.
  3142 | D:5      | 3142 ||| INVOKING Spit Poison.
  3146 | D:5      | 3146 ||| INVOKING Spit Poison.
  3169 | D:5      | 3169 ||| INVOKING Spit Poison.
  3173 | D:5      | 3173 ||| INVOKING Spit Poison.
  3193 | D:5      | 3193 ||| INVOKING Spit Poison.
  3209 | D:5      | 3209 ||| INVOKING Spit Poison.
  3226 | D:5      | 3226 ||| Stepping ~*~*~tactically~*~*~ (outnumbered).
  3228 | D:5      | 3228 ||| INVOKING Spit Poison.
  3231 | D:5      | 3231 ||| INVOKING Spit Poison.
  3298 | D:5      | 3298 ||| INVOKING Spit Poison.
  3301 | D:5      | 3301 ||| INVOKING Spit Poison.
  3320 | D:5      | 3320 ||| INVOKING Spit Poison.
  3321 | D:5      | Reached * piety under Okawaru
  3322 | D:5      | Reached skill level 7 in Ranged Weapons
  3358 | D:5      | 3358 ||| INVOKING Spit Poison.
  3364 | D:5      | Found a glowing drain.
  3365 | D:5      | 3365 ||| UPGRADING to +2 helmet.
  3375 | D:5      | 3375 ||| DROPPING +0 helmet.
  3376 | D:5      | 3376 ||| READING scroll labelled KOOHUA XEHIFI.
  3381 | D:5      | 3381 ||| INVOKING Spit Poison.
  3387 | Sewer    | Entered a sewer
  3388 | Sewer    | 3388 ||| INVOKING Spit Poison.
  3392 | Sewer    | 3392 ||| INVOKING Spit Poison.
  3449 | Sewer    | 3449 ||| INVOKING Spit Poison.
  3451 | Sewer    | Reached skill level 1 in Invocations
  3452 | Sewer    | Reached XP level 8. HP: 73/73 MP: 7/9
  3470 | Sewer    | 3470 ||| INVOKING Spit Poison.
  3488 | Sewer    | Found a white marble altar of Elyvilon.
  3522 | Sewer    | 3522 ||| DROPPING potion of enlightenment.
  3529 | D:5      | 3529 ||| PLANNING D:1-11
  3594 | D:5      | 3594 ||| INVOKING Spit Poison.
  3604 | D:5      | 3604 ||| INVOKING Spit Poison.
  3619 | D:5      | 3619 ||| INVOKING Spit Poison.
  3668 | D:5      | 3668 ||| INVOKING Spit Poison.
  3670 | D:5      | Reached skill level 3 in Invocations
  3726 | D:5      | Found a broken altar of Ashenzari.
  3755 | D:5      | 3755 ||| INVOKING Spit Poison.
  3759 | D:5      | 3759 ||| INVOKING Spit Poison.
  3777 | D:5      | 3777 ||| INVOKING Spit Poison.
  3783 | D:5      | 3783 ||| INVOKING Spit Poison.
  3798 | D:5      | Noticed a yak
  3799 | D:5      | Noticed a yak
  3800 | D:5      | 3800 ||| INVOKING Spit Poison.
  3800 | D:5      | Noticed a yak
  3801 | D:5      | Noticed a yak
  3804 | D:5      | Noticed a yak
  3806 | D:5      | 3806 ||| INVOKING Spit Poison.
  3807 | D:5      | Killed a yak
  3807 | D:5      | Reached ** piety under Okawaru
  3810 | D:5      | 3810 ||| INVOKING Spit Poison.
  3813 | D:5      | 3813 ||| INVOKING Heroism.
  3814 | D:5      | 3814 ||| INVOKING Spit Poison.
  3817 | D:5      | HP: 14/73 [yak (13)]
  3817 | D:5      | HP: 4/73 [yak (10)]
  3818 | D:5      | Slain by a yak

Levels and vault maps discovered:
D:1:      nicolae_arrival_kraken_aquarium_b, layout_loops_ring
D:2:      minmay_chambers_of_ones, layout_rooms, minmay_3d_cube, uniq_sigmund,
          uniq_robin, uniq_crazy_yiuf_cottage
D:3:      layout_rooms, nicolae_qazlal_style_of_elements,
          chequers_temple_overflow_minitemple, lexackson_kobold_supper
D:4:      layout_rooms
D:5:      corexii_shack_village, layout_loops_ring,
          chequers_temple_overflow_statue_of_worship, portal_sewer_entry_f

Skill      XL: |  1  2  3  4  5  6  7  8 |
---------------+-------------------------+-----
Ranged Weapons | 4 5 6 7 |  7.9
Fighting       | 4 |  4.9
Dodging        | 2 |  2.0
Invocations    | 2 4 |  4.0
Stealth        | |  1.5

Action                     |  1- 3 |  4- 6 |  7- 9 || total
---------------------------+-------+-------+-------++-------
   Fire: Shortbow          |    74 |   121 |    90 ||   285
 Invoke: Heroism           |       |       |     1 ||     1
Ability: Spit Poison       |    27 |    46 |    39 ||   112
    Use: Scroll            |     3 |     6 |     4 ||    13
         Potion            |       |     1 |       ||     1
 Armour: Leather armour    |    11 |    21 |     7 ||    39
  Dodge: Dodged            |    31 |    27 |    12 ||    70

Table legend:
 A = Non-vault XP
 B = Vault XP
 C = Vault XP percentage of total XP
 D = Non-vault monster count
 E = Vault monster count
 F = Vault count percentage of total count
                 A         B        C        D         E       F
            +---------+---------+-------+---------+---------+-------
      Total |    1155 |     573 |  33.2 |     111 |      53 |  32.3
            +---------+---------+-------+---------+---------+-------
        D:1 |      51 |       0 |   0.0 |      22 |       0 |   0.0
        D:2 |      74 |     290 |  79.7 |      25 |      20 |  44.4
        D:3 |      65 |       8 |  11.0 |      20 |       7 |  25.9
        D:4 |     208 |       0 |   0.0 |      28 |       0 |   0.0
        D:5 |     757 |      33 |   4.2 |      16 |      15 |  48.4
      Sewer |       0 |     242 | 100.0 |       0 |      11 | 100.0
            +---------+---------+-------+---------+---------+-------
